cohdb
Replays
Latest Replays
All Replays
Popular Replays
Top Player Replays
Match Explorer
How It Works
Community
CoH3 Stats
Reddit
Sign in to upload your games and track your stats! →
Sign in with Steam
Match 43173080
Unlisted
Match 43173080
Overview
Messages
Build Orders
End
Selects Italian Combined Arms Battlegroup
Selects Bersaglieri Squad
Bersaglieri Squad
Kradschützen Motorcycle Team
Bersaglieri Squad
Bersaglieri Squad
Construct Light Support Kompanie
2.5-tonne Medical Truck
Selects Bersaglieri Bolster
Fire Support Elements
Flakvierling Half-track
Panzerpioneer Squad
Veteran Squad Leaders
Pak 38 Mechanized Group
Selects Breda Model 30 Light Machine Guns
Assault Grenadier Squad
Selects Semovente da 75/18 Assault Gun
Construct Mechanized Kompanie
Selects Strafing Run
le.IG 18 Mechanized Group
2.5-tonne Medical Truck
Construct Panzerarmee Kommand
Selects Artillery Cover
Artillery Cover
Armored Reserves
Strafing Run
Tiger Heavy Tank
Porygon
CoupDeGrace
0
0
Comments
sign in to comment!
No comments posted yet!